PAA
MARQUETTE MINERS @ TACOMA FUR TRADERS
07/26/2034
 
TOP OF THE 1ST
Marquette Miners batting - Pitching for Tacoma Fur Traders : LHP Ed Hammond
Pitching: LHP Ed Hammond
Batting: RHB Steve Albright 0-0: Foul Ball, location: 2F
0-1: Swinging Strike
0-2: Foul Ball, location: 2F
0-2: Ball
1-2: Ball
2-2: Foul Ball, location: 2F
2-2: Ball
3-2: Foul Ball, location: 2F
3-2: Fly out, F5 (Popup, 5SF)
Batting: RHB Arvi Sutinen 0-0: Called Strike
0-1: Ball
1-1: Foul Ball, location: 2F
1-2: Fly out, F4 (Line Drive, 4)
Batting: RHB Brock Dean 0-0: SINGLE (Groundball, 6M) (infield hit)
Batting: RHB Sameen Shaw 0-0: Ball
1-0: Called Strike
1-1: Foul Ball, location: 2F
1-2: Foul Ball, location: 2F
1-2: Ball
Brock Dean steals 2nd base
2-2: Ball
3-2: SINGLE (Groundball, 34D)
Brock Dean to third
Brock Dean scores
Batting: LHB Carlos Germán 0-0: Ball
1-0: Ball
2-0: Ground out 4-3 (Groundball, 4)
Top of the 1st over - 1 run, 2 hits, 0 errors, 1 left on base; Marquette 1 - Tacoma 0
BOTTOM OF THE 1ST
Tacoma Fur Traders batting - Pitching for Marquette Miners : RHP Barry Mullen
Pitching: RHP Barry Mullen
Batting: LHB Vance Corkum 0-0: Ball
1-0: Ball
2-0: Foul Ball, location: 2F
2-1: Ball
3-1: Base on Balls
Batting: RHB Bartolo Ramos 0-0: Ball
Vance Corkum steals 2nd base
1-0: Foul Ball, location: 2F
1-1: Ball
2-1: Called Strike
2-2: Strikes out swinging
Batting: RHB Robin Colwill 0-0: Called Strike
0-1: Swinging Strike
0-2: Foul Ball, location: 2F
0-2: Ball
1-2: Ball
2-2: Ball
3-2: Base on Balls
Batting: RHB Sinclair Bothof 0-0: Called Strike
0-1: Ball
1-1: Ball
2-1: Fly out, F9 (Flyball, 89D)
Runner from 2nd tags up, SAFE at 3rd, no throw
Batting: RHB Bill Perkins 0-0: Ball
1-0: Ball
2-0: Ball
3-0: Called Strike
3-1: Swinging Strike
3-2: Strikes out swinging
Bottom of the 1st over - 0 runs, 0 hits, 0 errors, 2 left on base; Marquette 1 - Tacoma 0
TOP OF THE 2ND
Marquette Miners batting - Pitching for Tacoma Fur Traders : LHP Ed Hammond
Batting: RHB Eli Cline 0-0: Ball
1-0: Ball
2-0: Ball
3-0: Called Strike
3-1: SINGLE (Groundball, 56D)
Batting: RHB Matt Cleveland 0-0: Ball
1-0: Called Strike
1-1: Ball
2-1: Ball
3-1: Ground out 6-3 (Groundball, 6MS)
Eli Cline to second
Batting: RHB Vic Funnell 0-0: Swinging Strike
0-1: Ball
1-1: Ball
2-1: Foul Ball, location: 2F
2-2: Foul Ball, location: 2F
2-2: Ball
3-2: Base on Balls
Batting: RHB Ryan French 0-0: Called Strike
0-1: Foul Ball, location: 2F
0-2: Strikes out swinging
Batting: RHB Steve Albright 0-0: Called Strike
0-1: Fly out, F6 (Line Drive, 6)
Top of the 2nd over - 0 runs, 1 hit, 0 errors, 2 left on base; Marquette 1 - Tacoma 0
BOTTOM OF THE 2ND
Tacoma Fur Traders batting - Pitching for Marquette Miners : RHP Barry Mullen
Batting: RHB Stan Wheeler 0-0: Swinging Strike
0-1: Swinging Strike
0-2: Ball
1-2: Ball
2-2: Foul Ball, location: 2F
2-2: Ball
3-2: Foul Ball, location: 2F
3-2: Base on Balls
Batting: RHB Ricardo Sandoval 0-0: Fly out, F4 (Popup, 4D)
Batting: RHB Alejandro Aquilera 0-0: Called Strike
0-1: Called Strike
0-2: Fielders Choice at 2nd, 6-4 (Groundball, 6)
Batting: RHB Stef Mosterd 0-0: Fly out, F7 (Flyball, 78S)
Bottom of the 2nd over - 0 runs, 0 hits, 0 errors, 1 left on base; Marquette 1 - Tacoma 0
TOP OF THE 3RD
Marquette Miners batting - Pitching for Tacoma Fur Traders : LHP Ed Hammond
Batting: RHB Arvi Sutinen 0-0: Foul Ball, location: 2F
0-1: Ground out 4-3 (Groundball, 4)
Batting: RHB Brock Dean 0-0: Called Strike
0-1: Called Strike
0-2: Fly out, F7 (Flyball, 78D)
Batting: RHB Sameen Shaw 0-0: Called Strike
0-1: Foul Ball, location: 2F
0-2: Foul Ball, location: 2F
0-2: Ball
1-2: Ball
2-2: Ball
3-2: Fly out, F6 (Popup, 4MS)
Top of the 3rd over - 0 runs, 0 hits, 0 errors, 0 left on base; Marquette 1 - Tacoma 0
BOTTOM OF THE 3RD
Tacoma Fur Traders batting - Pitching for Marquette Miners : RHP Barry Mullen
Batting: LHB Vance Corkum 0-0: Foul Ball, location: 2F
0-1: Ball
1-1: DOUBLE (Flyball, 8RD)
Batting: RHB Bartolo Ramos 0-0: SINGLE (Flyball, 7LM)
Vance Corkum to third
Batting: RHB Robin Colwill 0-0: Ball
1-0: Ball
2-0: Called Strike
2-1: Ball
3-1: SINGLE (Groundball, 56D)
Vance Corkum scores
Bartolo Ramos to second
Batting: RHB Sinclair Bothof 0-0: Grounds into double play, 1-6-3 (Groundball, 13)
Bartolo Ramos to third
Batting: RHB Bill Perkins 0-0: Ball
1-0: Fly out, F9 (Flyball, 89M)
Bottom of the 3rd over - 1 run, 3 hits, 0 errors, 1 left on base; Marquette 1 - Tacoma 1
TOP OF THE 4TH
Marquette Miners batting - Pitching for Tacoma Fur Traders : LHP Ed Hammond
Batting: LHB Carlos Germán 0-0: Called Strike
0-1: Called Strike
0-2: Ball
1-2: Ball
2-2: Ball
3-2: SINGLE (Flyball, 7LS)
Batting: RHB Eli Cline 0-0: Ball
1-0: Called Strike
1-1: Ball
Wild Pitch!
Carlos Germán to second
2-1: Swinging Strike
2-2: Ball
3-2: Ground out 5-3 (Groundball, 56)
Batting: RHB Matt Cleveland 0-0: Ball
1-0: Fly out, F8 (Flyball, 78XD)
Runner from 2nd tags up, SAFE at 3rd, no throw
Batting: RHB Vic Funnell 0-0: Called Strike
0-1: Ball
1-1: Swinging Strike
1-2: Ball
2-2: Strikes out swinging
Top of the 4th over - 0 runs, 1 hit, 0 errors, 1 left on base; Marquette 1 - Tacoma 1
BOTTOM OF THE 4TH
Tacoma Fur Traders batting - Pitching for Marquette Miners : RHP Barry Mullen
Batting: RHB Stan Wheeler 0-0: Called Strike
0-1: SINGLE (Groundball, 6MS) (infield hit)
Batting: RHB Ricardo Sandoval 0-0: Called Strike
0-1: Called Strike
0-2: Strikes out swinging
Batting: RHB Alejandro Aquilera 0-0: Called Strike
0-1: Swinging Strike
0-2: Foul Ball, location: 2F
0-2: Strikes out swinging
Batting: RHB Stef Mosterd 0-0: SINGLE (Line Drive, 56D)
Stan Wheeler to second
Batting: LHB Vance Corkum 0-0: Foul Ball, location: 2F
0-1: Ground out U3 (Groundball, 34S)
Bottom of the 4th over - 0 runs, 2 hits, 0 errors, 2 left on base; Marquette 1 - Tacoma 1
TOP OF THE 5TH
Marquette Miners batting - Pitching for Tacoma Fur Traders : LHP Ed Hammond
Batting: RHB Ryan French 0-0: SINGLE (Groundball, 6MD)
Batting: RHB Steve Albright 0-0: Foul Ball, location: 2F
0-1: Ball
1-1: Called Strike
1-2: Strikes out looking
Batting: RHB Arvi Sutinen 0-0: Swinging Strike
0-1: Ball
1-1: Ball
2-1: Called Strike
2-2: Strikes out swinging
Batting: RHB Brock Dean 0-0: Foul Ball, location: 2F
0-1: Foul Ball, location: 2F
0-2: Foul Ball, location: 2F
0-2: Foul Ball, location: 2F
0-2: Fly out, F9 (Line Drive, 9)
Top of the 5th over - 0 runs, 1 hit, 0 errors, 1 left on base; Marquette 1 - Tacoma 1
BOTTOM OF THE 5TH
Tacoma Fur Traders batting - Pitching for Marquette Miners : RHP Barry Mullen
Batting: RHB Bartolo Ramos 0-0: SINGLE (Line Drive, 6MD)
Batting: RHB Robin Colwill 0-0: Fly out, F7 (Flyball, 7)
Batting: RHB Sinclair Bothof 0-0: Called Strike
0-1: SINGLE (Line Drive, 8LS)
Bartolo Ramos to second
Batting: RHB Bill Perkins 0-0: Ball
1-0: Foul Ball, location: 2F
1-1: Foul Ball, location: 2F
1-2: Ball
2-2: Strikes out swinging
Batting: RHB Stan Wheeler 0-0: Ball
1-0: Ball
2-0: Ball
3-0: Called Strike
3-1: Base on Balls
Bartolo Ramos to third
Sinclair Bothof to second
Batting: RHB Ricardo Sandoval 0-0: Ball
1-0: Called Strike
1-1: Foul Ball, location: 2F
1-2: Strikes out swinging
Bottom of the 5th over - 0 runs, 2 hits, 0 errors, 3 left on base; Marquette 1 - Tacoma 1
TOP OF THE 6TH
Marquette Miners batting - Pitching for Tacoma Fur Traders : LHP Ed Hammond
Batting: RHB Sameen Shaw 0-0: Called Strike
0-1: Ground out 5-3 (Groundball, 56)
Batting: LHB Carlos Germán 0-0: Called Strike
0-1: Ball
1-1: Ground out 6-3 (Groundball, 6M)
Batting: RHB Eli Cline 0-0: Foul Ball, location: 2F
0-1: Ground out 6-3 (Groundball, 56D)
Top of the 6th over - 0 runs, 0 hits, 0 errors, 0 left on base; Marquette 1 - Tacoma 1
BOTTOM OF THE 6TH
Tacoma Fur Traders batting - Pitching for Marquette Miners : RHP Barry Mullen
Batting: RHB Alejandro Aquilera 0-0: Called Strike
0-1: Ground out 5-3 (Groundball, 56)
Batting: RHB Stef Mosterd 0-0: Called Strike
0-1: Ball
1-1: Ball
2-1: Ball
3-1: Base on Balls
Batting: LHB Vance Corkum 0-0: Grounds into double play, 5-4-3 (Groundball, 56)
Bottom of the 6th over - 0 runs, 0 hits, 0 errors, 0 left on base; Marquette 1 - Tacoma 1
TOP OF THE 7TH
Marquette Miners batting - Pitching for Tacoma Fur Traders : LHP Ed Hammond
Batting: RHB Matt Cleveland 0-0: Called Strike
0-1: Ball
1-1: Called Strike
1-2: Ground out 6-3 (Groundball, 6)
Batting: RHB Vic Funnell 0-0: Foul Ball, location: 2F
0-1: Ball
1-1: Ball
2-1: Foul Ball, location: 2F
2-2: Strikes out looking
Batting: RHB Ryan French 0-0: Ball
1-0: Called Strike
1-1: Ground out 4-3 (Groundball, 4MS)
Top of the 7th over - 0 runs, 0 hits, 0 errors, 0 left on base; Marquette 1 - Tacoma 1
BOTTOM OF THE 7TH
Tacoma Fur Traders batting - Pitching for Marquette Miners : RHP Barry Mullen
Batting: RHB Bartolo Ramos 0-0: Ball
1-0: Swinging Strike
1-1: Ball
2-1: Ball
3-1: Foul Ball, location: 2F
3-2: Strikes out swinging
Batting: RHB Robin Colwill 0-0: Called Strike
0-1: Ball
1-1: Called Strike
1-2: Ball
2-2: Ball
3-2: Foul Ball, location: 2F
3-2: Foul Ball, location: 2F
3-2: Foul Ball, location: 2F
3-2: Foul Ball, location: 2F
3-2: Base on Balls
Pitching: RHP Jude Cordingley
Batting: RHB Sinclair Bothof 0-0: Ball
Wild Pitch!
Robin Colwill to second
1-0: Ball
2-0: SINGLE (Groundball, 6) (infield hit)
Robin Colwill to third
Batting: RHB Bill Perkins 0-0: Ball
Passed Ball!
Robin Colwill scores
Sinclair Bothof to second
1-0: Called Strike
1-1: Ball
2-1: Ball
3-1: Called Strike
3-2: Fly out, F7 (Flyball, 7)
Batting: RHB Stan Wheeler 0-0: Called Strike
0-1: Ball
1-1: Called Strike
1-2: Ball
2-2: Strikes out swinging
Bottom of the 7th over - 1 run, 1 hit, 0 errors, 1 left on base; Marquette 1 - Tacoma 2
TOP OF THE 8TH
Marquette Miners batting - Pitching for Tacoma Fur Traders : LHP Ed Hammond
Batting: RHB Steve Albright 0-0: Ground out 5-3 (Groundball, 5L)
Batting: RHB Arvi Sutinen 0-0: Foul Ball, location: 2F
0-1: Swinging Strike
0-2: Ball
1-2: Foul Ball, location: 2F
1-2: Ball
2-2: Ball
3-2: Foul Ball, location: 2F
3-2: Strikes out swinging
Batting: RHB Brock Dean 0-0: Ground out 5-3 (Groundball, 56S)
Top of the 8th over - 0 runs, 0 hits, 0 errors, 0 left on base; Marquette 1 - Tacoma 2
BOTTOM OF THE 8TH
Tacoma Fur Traders batting - Pitching for Marquette Miners : RHP Jude Cordingley
Batting: RHB Ricardo Sandoval 0-0: Ball
1-0: Ball
2-0: Ball
3-0: Called Strike
3-1: Called Strike
3-2: Strikes out looking
Batting: RHB Alejandro Aquilera 0-0: Ball
1-0: Foul Ball, location: 2F
1-1: Foul Ball, location: 2F
1-2: Ball
2-2: SINGLE (Line Drive, 4D)
Pinch Hitting: SHB Gilberto Chávez 0-0: Grounds into double play, 6-4-3 (Groundball, 6)
Bottom of the 8th over - 0 runs, 1 hit, 0 errors, 0 left on base; Marquette 1 - Tacoma 2
TOP OF THE 9TH
Marquette Miners batting - Pitching for Tacoma Fur Traders : LHP Ed Hammond
Pitching: RHP Jeffrey Chesser
Now at 1B: Keizo Morishita
Batting: RHB Sameen Shaw 0-0: Foul Ball, location: 2F
0-1: Ball
1-1: SINGLE (Line Drive, 3)
Batting: LHB Carlos Germán 0-0: Ball
1-0: Foul Ball, location: 2F
1-1: Ball
2-1: Ball
3-1: Base on Balls
Sameen Shaw to second
Batting: RHB Eli Cline 0-0: Bunted foul
0-1: Sac Bunt - play at first, batter OUT! 1-4
Sameen Shaw to third
Carlos Germán to second
Batting: RHB Matt Cleveland 0-0: Foul Ball, location: 2F
0-1: Ball
1-1: Ground out 6-3 (Groundball, 56)
Batting: RHB Vic Funnell 0-0: Called Strike
0-1: Ball
1-1: Ball
2-1: Foul Ball, location: 2F
2-2: Strikes out swinging
Top of the 9th over - 0 runs, 1 hit, 0 errors, 2 left on base; Marquette 1 - Tacoma 2
Friday, March 29th, 2019 - OOTP Baseball 18.8 Build 76